 Dungeon Sprint DCSS version 0.27.1-33-g824d729ab1 (webtiles) character file.

Game seed: 13831545583012956910

5381 Adenis the Imperceptible (level 10, -9/72 HPs)
             Began as a Vampire Brigand on Dec 7, 2021.
             Was an Elder of Trog.
             Shot with an arrow by a centaur warrior (10 damage)
             ... in the Dungeon (Sprint I: "Red Sonja").
             The game lasted 00:04:30 (722 turns).

Adenis the Imperceptible (Vampire Brigand)           Turns: 722, Time: 00:04:31

Health: -9/72      AC:  3    Str: 12    XL:     10   Next: 39%
Magic:  9/9        EV: 14    Int: 10    God:    Trog [****..]
Gold:   188        SH:  0    Dex: 17    Spells: 9/9 levels left

rFire    + . .     SeeInvis +   m - +2 dagger (elec)
rCold    x . .     Faith    .   (no shield)
rNeg     . . .     Spirit   .   b - +0 robe
rPois    .         Reflect  .   (no helmet)
rElec    .         Harm     .   c - +0 cloak
rCorr    .         Rampage  .   (no gloves)
Will     ++++.     Rnd*Rage +   (no boots) Stlth ++++++++++NoTele +
                                (no amulet)
HPRegen  0.42/turn              q - ring "Omu Pio" {Fire Drain Will+++ Str+2 SInv}
MPRegen  0.11/turn              (no ring)

@: healing quickly
A: alive, fangs 3, see invisible, vampiric 2, berserk 2, clumsy 1, deterioration
1, dopey 2, frail 1, low mp 1, mutation resistance 1
a: Exsanguinate, Renounce Religion, Berserk, Trog's Hand, Brothers in Arms


You were in the Dungeon.
You worshipped Trog.
Trog was greatly pleased with you.
You visited 1 branch You collected 786 gold pieces.
You spent 598 gold pieces at shops.

Inventory:

Hand Weapons
 a - a +2 dagger
 m - a +2 dagger of electrocution (weapon)
Missiles
 d - 8 poisoned darts (quivered)
 e - 4 curare-tipped darts
Armour
 b - a +0 robe (worn)
 c - a +0 cloak (worn)
Jewellery
 q - the ring "Omu Pio" (left hand) {Fire Drain Will+++ Str+2 SInv}
   (You bought it in a shop in the Dungeon)

   [ring of fire]

   It enhances your fire magic.
   Str:       It affects your strength (+2).
   rF:        It protects you from fire.
   rC:        It makes you vulnerable to cold.
   SInv:      It lets you see invisible.
   Drain:     It drains your maximum health when unequipped.
   Will:      It greatly increases your willpower.
Wands
 h - a wand of polymorph (10)
 o - a wand of paralysis (6)
Scrolls
 j - a scroll of immolation {unknown}
 k - a scroll of blinking
 p - a scroll of identify {unknown}
Potions
 f - 3 potions of curing
 g - 2 potions of heal wounds
 i - 3 potions of magic
 l - a potion of resistance {unknown}
 n - 2 potions of attraction {unknown}


   Skills:
 + Level 8.0 Fighting
 + Level 10.8 Short Blades
 + Level 4.9 Throwing
 + Level 4.0 Dodging
 + Level 26.9 Stealth


You had 9 spell levels left.
You didn't know any spells.
Your spell library was empty.

Dungeon Overview and Level Annotations

Branches:
Dungeon (1/1)

Altars:
Cheibriados
Dithmenos
Elyvilon
Fedhas
Gozag
Hepliaklqana
Kikubaaqudgha
Makhleb
Nemelex Xobeh
Okawaru
Qazlal
Ru
Sif Muna
Trog
Uskayaw
Vehumet
Wu Jian
Xom
Yredelemnul
Zin
The Shining One
Jiyva
Lugonu

Shops:
D (*=!?[[


Innate Abilities, Weirdness & Mutations

Your natural rate of healing is accelerated.
You have razor-sharp teeth.
You have supernaturally acute eyesight. (SInv)
You are afflicted with vampirism and can become a bat while bloodless.
You often lose your temper in combat.
You are clumsy. (Dex -2)
Your body sometimes deteriorates upon taking damage.
You are very dopey. (Int -4)
You are frail. (-10% HP)
Your magical capacity is low. (-10% MP)
You are somewhat resistant to further mutation.


Message History

The centaur warrior shouts!
You hear a shout!
The centaur warrior wields a +0 longbow.
The centaur warrior shoots an arrow.
The arrow hits you!
The centaur warrior shoots an arrow.
The arrow hits you!!
Your body deteriorates!
You feel weakened.
There is an open door, spattered with blood here.
You fail to use your ability.
The centaur warrior wields a +1 shortbow of freezing.
It is covered in frost.
The centaur warrior shoots an arrow.
The arrow hits you! The arrow freezes you.
* * * LOW HITPOINT WARNING * * *
The centaur warrior shoots an arrow.
The arrow hits you.
* * * LOW HITPOINT WARNING * * *
Your two-headed ogre goes berserk!
You can no longer call in reinforcements.
The centaur warrior shoots an arrow.
The arrow hits your two-headed ogre!
The centaur warrior shoots an arrow.
The arrow hits your two-headed ogre but does no damage.
The centaur warrior shoots an arrow.
The arrow hits your two-headed ogre!!
Your two-headed ogre hits the centaur warrior with a +0 dire flail!!!
Your two-headed ogre hits the centaur warrior with a +0 dire flail!!
The centaur warrior dies!
Trog accepts your kill.
You can now call in reinforcements.
You hear a splash. x2
The centaur warrior shoots an arrow.
The arrow hits your two-headed ogre!! The arrow freezes your two-headed ogre!
You feel your strength returning.
Your Fighting skill increases to level 8!
Your Dodging skill increases to level 4!
There is an open door here.
Something hits your two-headed ogre!
Your two-headed ogre dies!
Your two-headed ogre's corpse disappears in a puff of smoke!
There is an open door here.
The centaur warrior wields a +1 shortbow of freezing.
It is covered in frost.
The centaur warrior shoots an arrow.
The arrow hits you!
* * * LOW HITPOINT WARNING * * *
The arrow freezes you!
You die...

#..#####'#####'#__# #
#..####..#...#.####§§#
#..#__####..##(#§§§§§#
#..#_____##'#_.+§§§§§+
#⌠⌠#_.∩..÷'..._#≈c)§.#
####_..__##_.#'##§###
#_____###'#.#.§)§###
############.####c###.##
#∩........'..@'.....'.∩#
###''''####.).##########
#.......####.###
#........#.#'#.#
#..#.....#.....#
#........#.....#
#.....#..#######
#........# #..#.....#


You could see a centaur warrior.

Vanquished Creatures
  Sonja (D)
  A deep troll (D)
  8 shining eyes (D)
  A slime creature (D)
  Sigmund (D)
  A yak (D)
  4 floating eyes (D)
  An ogre (D)
  A jelly (D)
  Ijyb (D)
20 creatures vanquished.

Vanquished Creatures (collateral kills)
  A centaur warrior (D)
1 creature vanquished.

Vanquished Creatures (others)
  A gargoyle (D)
  2 ballistomycete spores (D)
3 creatures vanquished.

Grand Total: 24 creatures vanquished

Notes
Turn   | Place    | Note
-------+----------+-------------------------------------------
     0 | D        | Adenis the Vampire Brigand began the quest for the Orb.
     0 | D        | Reached XP level 1. HP: 16/16 MP: 1/1
     2 | D        | Noticed Ijyb
     4 | D        | Killed Ijyb
     5 | D        | Reached skill level 9 in Stealth
     5 | D        | Reached XP level 2. HP: 22/22 MP: 2/2
     9 | D        | Noticed an ogre
    13 | D        | Killed an ogre
    14 | D        | Reached skill level 12 in Stealth
    14 | D        | Gained mutation: You are afflicted with vampirism and can
                  | become a bat while bloodless. [Vampire growth]
    14 | D        | Reached XP level 3. HP: 8/29 MP: 3/3
    14 | D        | Reached XP level 4. HP: 9/35 MP: 4/4
    43 | D        | Killed a gargoyle
   124 | D        | Noticed Sigmund
   127 | D        | Killed Sigmund
   128 | D        | Reached skill level 5 in Short Blades
   128 | D        | Reached skill level 15 in Stealth
   128 | D        | Reached XP level 5. HP: 42/42 MP: 5/5
   141 | D        | Found an ornate altar of the Wu Jian Council.
   141 | D        | Found a shimmering blue altar of Sif Muna.
   143 | D        | Found a radiant altar of Vehumet.
   148 | D        | Reached skill level 16 in Stealth
   148 | D        | Reached XP level 6. HP: 48/48 MP: 6/6
   157 | D        | Found Ifogeh's Distillery.
   157 | D        | Found an ancient bone altar of Kikubaaqudgha.
   157 | D        | Found a hazy altar of Hepliaklqana.
   157 | D        | Found a stormy altar of Qazlal.
   157 | D        | Found a hide-covered altar of Uskayaw.
   157 | D        | Found a blossoming altar of Fedhas.
   157 | D        | Found a bloodstained altar of Trog.
   157 | D        | Found an iron altar of Okawaru.
   157 | D        | Found a basalt altar of Yredelemnul.
   157 | D        | Found a snail-covered altar of Cheibriados.
   157 | D        | Found a sacrificial altar of Ru.
   157 | D        | Found a shadowy altar of Dithmenos.
   157 | D        | Noticed a yak
   158 | D        | Found an opulent altar of Gozag.
   159 | D        | Killed a yak
   160 | D        | Reached skill level 17 in Stealth
   160 | D        | Found a sparkling altar of Nemelex Xobeh.
   165 | D        | Became a worshipper of Trog the Wrathful
   174 | D        | Noticed Sonja
   178 | D        | Killed Sonja
   179 | D        | Reached skill level 5 in Fighting
   179 | D        | Reached skill level 20 in Stealth
   179 | D        | Reached XP level 7. HP: 56/56 MP: 7/7
   229 | D        | Found a burning altar of Makhleb.
   229 | D        | Found a viscous altar of Jiyva.
   229 | D        | Found a shimmering altar of Xom.
   229 | D        | Found a corrupted altar of Lugonu.
   229 | D        | Noticed a slime creature
   241 | D        | Killed a slime creature
   241 | D        | Reached * piety under Trog
   242 | D        | Reached skill level 21 in Stealth
   242 | D        | Reached XP level 8. HP: 11/64 MP: 8/8
   492 | D        | Noticed a deep troll
   496 | D        | Killed a deep troll
   497 | D        | Reached skill level 22 in Stealth
   506 | D        | Found Xiziv's Armour Emporium.
   581 | D        | Found Quimimau's Weapon Boutique.
   591 | D        | Noticed a shining eye
   591 | D        | Noticed a shining eye
   591 | D        | Noticed a shining eye
   591 | D        | Noticed a shining eye
   591 | D        | Noticed a shining eye
   591 | D        | Noticed a shining eye
   594 | D        | Noticed a shining eye
   594 | D        | Noticed a shining eye
   595 | D        | Gained mutation: You are dopey. (Int -2) [a shining eye]
   596 | D        | Reached ** piety under Trog
   597 | D        | Gained mutation: Your magical capacity is low. (-10% MP) [a
                  | shining eye]
   601 | D        | Reached skill level 23 in Stealth
   603 | D        | Reached XP level 9. HP: 71/71 MP: 8/8
   603 | D        | Gained mutation: Your body sometimes deteriorates upon
                  | taking damage. [a shining eye]
   605 | D        | Killed a shining eye
   607 | D        | Gained mutation: You are frail. (-10% HP) [a shining eye]
   609 | D        | Killed a shining eye
   609 | D        | Reached *** piety under Trog
   610 | D        | Reached skill level 24 in Stealth
   610 | D        | Gained mutation: You are clumsy. (Dex -2) [a shining eye]
   610 | D        | Gained mutation: You tend to lose your temper in combat. [a
                  | shining eye]
   611 | D        | Gained mutation: You often lose your temper in combat. [a
                  | shining eye]
   612 | D        | Killed a shining eye
   612 | D        | Gained mutation: You are somewhat resistant to further
                  | mutation. [a shining eye]
   620 | D        | Killed a shining eye
   621 | D        | Reached skill level 25 in Stealth
   625 | D        | Gained mutation: You are very dopey. (Int -4) [a shining
                  | eye]
   627 | D        | Killed a shining eye
   628 | D        | Reached XP level 10. HP: 71/71 MP: 9/9
   631 | D        | Killed a shining eye
   631 | D        | Reached **** piety under Trog
   632 | D        | Reached skill level 10 in Short Blades
   632 | D        | Reached skill level 26 in Stealth
   636 | D        | Killed a shining eye
   642 | D        | Killed a shining eye
   650 | D        | Found Cekid's Magic Scroll Shop.
   650 | D        | Found Ricem's General Store.
   650 | D        | Found Teozim's Antique Armour Boutique.
   650 | D        | Found Lonenos's Jewellery Emporium.
   679 | D        | Bought the ring "Omu Pio" {Fire Drain Will+++ Str+2 SInv}
                  | for 598 gold pieces
   714 | D        | Noticed a centaur warrior
   714 | D        | Noticed a centaur warrior
   718 | D        | Killed a centaur warrior
   722 | D        | HP: 1/72 [centaur warrior/arrow (15)]
   722 | D        | Shot with an arrow by a centaur warrior

Illustrated notes

Levels and vault maps discovered:
D:        dungeon_sprint_1 [red_sonja_temple_1, red_sonja_temple_small_1]

Skill      XL: |  1  2  3  4  5  6  7  8  9 10 |
---------------+-------------------------------+-----
Fighting       | 2 3 4 5 6 7 8 |  8.0
Throwing       | 2 3 4 |  4.9
Stealth        | 9 12 15 16 20 21 23 25 26 | 26.9
Short Blades   | 3 5 7 8 9 10 | 10.8
Dodging        | 2 3 4 |  4.0

Action                   |  1- 3 |  4- 6 |  7- 9 | 10-12 || total
-------------------------+-------+-------+-------+-------++-------
Melee: Dagger            |     4 |     4 |    27 |    14 ||    49
       Bite              |       |       |     1 |     3 ||     4
Invok: Brothers in Arms  |       |       |       |     1 ||     1
  Use: Potion            |     1 |       |     1 |       ||     2
 Stab: Sleeping          |     1 |     4 |     8 |       ||    13
Dodge: Dodged            |       |       |     1 |       ||     1
